 Dungeon Crawl Stone Soup version 0.22.1-5-g62c59d9 (console) character file.

551 erker the Chopper (level 7, 0/62 HPs)
             Began as a Deep Dwarf Fighter on Jan 9, 2019.
             Was a Follower of Makhleb.
             Slain by an iguana (12 damage)
             ... on level 5 of the Dungeon.
             The game lasted 00:10:31 (2573 turns).

erker the Chopper (Deep Dwarf Fighter)              Turns: 2573, Time: 00:10:32

Health: 0/62       AC:  7    Str: 21    XL:     7   Next: 7%
Magic:  7/7        EV:  8    Int:  9    God:    Makhleb [*.....]
Gold:   233        SH:  9    Dex: 12    Spells: 6/6 levels left

rFire    . . .     SeeInvis .   a - +0 war axe
rCold    . . .     Gourm    .   c - +0 shield
rNeg     . . .     Faith    .   b - +0 scale mail
rPois    +         Spirit   .   (no helmet)
rElec    .         Reflect  .   (no cloak)
rCorr    .         Harm     +   (no gloves)
MR       +....                  (no boots)
Stlth    ..........             e - amulet of harm (curse)
HPRegen  0.00/turn              s - ring of poison resistance
MPRegen  0.10/turn              (no ring)

@: non-regenerating
A: damage resistance, heal wounds, sense surroundings 1, no regeneration
a: Heal Wounds, Renounce Religion


You were on level 5 of the Dungeon.
You worshipped Makhleb.
Makhleb was aware of your devotion.
You were hungry.

You visited 1 branch of the dungeon, and saw 5 of its levels.

You collected 255 gold pieces.
You spent 22 gold pieces at shops.

Inventory:

Hand Weapons
 a - a +0 war axe (weapon)
Missiles
 j - 44 sling bullets
 r - a tomahawk (quivered)
Armour
 b - a +0 scale mail (worn)
 c - a +0 shield (worn)
 o - a +0 plate armour
Jewellery
 e - a cursed amulet of harm (around neck)
 s - a ring of poison resistance (left hand)
Scrolls
 g - 7 scrolls of identify
 h - 3 scrolls of enchant armour {unknown}
 k - a scroll of blinking {unknown}
 n - a scroll of teleportation {unknown}
 q - 2 scrolls of fear {unknown}
 w - a scroll of fog {unknown}
 y - a scroll of amnesia {unknown}
Potions
 d - a potion of might
 i - a potion of lignification {unknown}
 l - 2 potions of haste {unknown}
 m - a potion of brilliance {unknown}
 p - a potion of flight {unknown}
 u - a potion of curing {unknown}
 v - a potion of degeneration {unknown}
 x - a potion of invisibility {unknown}
Comestibles
 f - 12 rations


   Skills:
 + Level 3.4 Fighting
 * Level 7.0 Axes
 + Level 4.3 Armour
 + Level 1.2 Dodging
 + Level 4.0 Shields


You had 6 spell levels left.
You didn't know any spells.
Your spell library contained the following spells:

 Spells                   Type           Power        Failure   Level  Hunger
 Animate Skeleton         Necr           N/A          99%         1    ##.....
 Pain                     Necr           #...         99%         1    ##.....
 Vampiric Draining        Necr           #.........   100%        3    ####...
 Animate Dead             Necr           N/A          100%        4    #####..
 Regeneration             Chrm/Necr      Unusable     N/A         3    N/A

Dungeon Overview and Level Annotations

Branches:
Dungeon (5/15)
 Temple: D:4-7

Altars:
Fedhas
Gozag
Hepliaklqana
Makhleb
Xom
The Shining One

Shops:
D:4 *

Annotations:
D:3 2 transporters, KleinerIrrer's ghost, amateur MfGl


Innate Abilities, Weirdness & Mutations

You are resistant to damage.
You can heal yourself by infusing magical energy.
You passively map a small area around you.
You do not regenerate.


Message History

There is a stone staircase leading down here.
You climb downwards.
There is a stone staircase leading up here.
An iguana comes into view.
The iguana hisses angrily.
The iguana moves out of view.
The iguana is too close now for your liking.
You hit the iguana but do no damage. The iguana completely misses you.
The iguana closely misses you.
You hit the iguana.
The iguana is lightly wounded.
The iguana closely misses you.
You completely miss the iguana.
The iguana is lightly wounded.
The iguana bites you!
* * * LOW HITPOINT WARNING * * *
You hit the iguana but do no damage.
The iguana is lightly wounded.
The iguana bites you!
You die...

* , , , ## , #.
.####.* ,
.....# ,, , ,
#....##,, , ,
....## , , , ,
#l..## , ,, *
#@..# , , *
##..## * ##..##
, #...## ** # ,
##...######....
*
##....<.......
* ,*
##.#######...
#..# ⌠ , * #..#
,


You could see an iguana.

Vanquished Creatures
  An ogre (D:4)
  2 scorpions (D:4)
  A howler monkey (D:4)
  A hound (D:2)
  2 orc wizards (D:3)
  An iguana (D:4)
  A worker ant (D:4)
  A hound skeleton (D:4)
  6 gnolls
  4 adders
  A shadow imp (D:3)
  2 oozes
  A worm (D:2)
  2 dart slugs
  2 leopard geckos
  5 orcs
  2 ball pythons (D:1)
  5 giant cockroaches
  6 goblins
  6 hobgoblins
  A quokka (D:2)
  7 bats
  7 frilled lizards
  7 kobolds
  A leopard gecko skeleton (D:4)
  10 rats
85 creatures vanquished.

Notes
Turn   | Place    | Note
-------+----------+-------------------------------------------
     0 | D:1      | erker the Deep Dwarf Fighter began the quest for the Orb.
     0 | D:1      | Reached XP level 1. HP: 20/20 MP: 1/1
   142 | D:1      | Reached XP level 2. HP: 27/27 MP: 2/2
   594 | D:1      | Reached skill level 3 in Axes
   668 | D:2      | Reached XP level 3. HP: 31/33 MP: 3/3
   708 | D:2      | Found a burning altar of Makhleb.
   719 | D:2      | Became a worshipper of Makhleb the Destroyer
   740 | D:2      | Found a glowing golden altar of the Shining One.
   787 | D:2      | Found a blossoming altar of Fedhas.
   863 | D:2      | Reached XP level 4. HP: 36/42 MP: 4/4
   885 | D:2      | Reached skill level 4 in Axes
  1370 | D:3      | Reached XP level 5. HP: 35/49 MP: 5/5
  1381 | D:3      | Reached skill level 5 in Axes
  1562 | D:3      | Reached * piety under Makhleb
  1912 | D:3      | Found a transporter.
  1915 | D:3      | Noticed KleinerIrrer's ghost (amateur MfGl)
  1915 | D:3      | Noticed an ogre
  1917 | D:3      | Noticed an ogre
  1919 | D:3      | Found a transporter.
  2038 | D:4      | Noticed an ogre
  2044 | D:4      | Killed an ogre
  2044 | D:4      | Reached skill level 6 in Axes
  2044 | D:4      | Reached XP level 6. HP: 28/56 MP: 6/6
  2064 | D:4      | Found Heqigouz's General Store.
  2075 | D:4      | Bought a scroll of identify for 22 gold pieces
  2094 | D:4      | Found a hazy altar of Hepliaklqana.
  2094 | D:4      | Found an opulent altar of Gozag.
  2181 | D:4      | Reached skill level 1 in Dodging
  2258 | D:4      | Reached XP level 7. HP: 25/62 MP: 7/7
  2353 | D:4      | Found a shimmering altar of Xom.
  2409 | D:4      | Reached skill level 7 in Axes
  2560 | D:5      | Entered Level 5 of the Dungeon
  2573 | D:5      | Slain by an iguana

Skill      XL: |  1  2  3  4  5  6  7 |
---------------+----------------------+-----
Axes           | 3 4 6 7 |  7.0
Fighting       | 3 |  3.4
Armour         | 4 |  4.3
Shields        | 4 |  4.0
Dodging        | 1 |  1.2

Action                   |  1- 3 |  4- 6 |  7- 9 || total
-------------------------+-------+-------+-------++-------
Melee: War axe           |    78 |   142 |     8 ||   228
Throw: Tomahawk          |       |     5 |     1 ||     6
 Abil: Heal Wounds       |       |     3 |       ||     3
  Eat: Chunk             |       |     5 |       ||     5
Armor: Scale mail        |    26 |    69 |     1 ||    96
Dodge: Dodged            |    25 |    44 |     3 ||    72
Block: Shield            |    35 |    72 |     1 ||   108
